 Dungeon Crawl Stone Soup version 0.32-a0-86-g8db1b9f803 (webtiles) character file.

Game seed: 3314556261114567537

1945 cforsyth the Fighter (level 9, -4/71 HPs)
             Began as a Djinni Warper on Feb 5, 2024.
             Slain by a wight
             ... wielding a +1 halberd
              (14 damage)
             ... on level 7 of the Dungeon.
             The game lasted 00:11:12 (7676 turns).

cforsyth the Fighter (Djinni Warper)                Turns: 7676, Time: 00:11:13

Health: -4/71      AC:  5    Str: 10    XL:     9   Next: 41%
Gold:   312        EV: 11    Int: 22    God:
                   SH:  0    Dex: 12

rFire   + + .        a - +9 dagger "Jiaxap" {pain, Int+2}
rCold   x . .        (no shield)
rNeg    . . .        b - +0 leather armour
rPois   ∞            y - +0 helmet
rElec   .            x - +0 cloak
rCorr   .            (no gloves)
SInv    .            (boots unavailable)
Will    .....        (no amulet)
Stlth   +            (no ring)
HPRegen 0.31/turn    (no ring)
MPRegen 0.00/turn

%: infuse magic (-5 HP)
@: on blink cooldown, flying
A: sickness immunity, fire resistance 2, cold vulnerability 1, float, innate
caster, HP casting, extra vitality 1
a: no special abilities


You were on level 7 of the Dungeon.
You visited 1 branch of the dungeon, and saw 7 of its levels.
You also visited: Sewer.

You collected 312 gold pieces.

Inventory:

Hand Weapons
 a - the +9 dagger "Jiaxap" (weapon) {pain, Int+2}
   (You found it on level 2 of the Dungeon)

   Int+2:     It affects your intelligence (+2).
 h - a +2 dagger of venom
Missiles
 d - 4 darts of dispersal
 g - 2 atropa-tipped darts
 j - 16 poisoned darts
Armour
 b - a +0 leather armour (worn)
 x - a +0 cloak (worn)
 y - a +0 helmet (worn)
Jewellery
 f - an amulet of reflection
Wands
 A - a wand of paralysis (12)
Scrolls
 c - a scroll of blinking
 e - a scroll of amnesia {unknown}
 l - a scroll of enchant armour {unknown}
 m - 2 scrolls of noise
 n - a scroll of enchant weapon {unknown}
 o - 3 scrolls of teleportation
 p - 2 scrolls of vulnerability
 s - 3 scrolls of immolation
 v - a scroll of fear {unknown}
 w - a scroll of poison
 E - 2 scrolls of identify
Potions
 i - 2 potions of invisibility {unknown}
 k - 6 potions of haste
 q - 2 potions of brilliance
 r - a potion of attraction {unknown}
 t - 2 potions of heal wounds
 u - 2 potions of curing {unknown}
 z - a potion of degeneration {unknown}
 B - a potion of resistance {unknown}
 C - a potion of berserk rage {unknown}
 D - a potion of lignification {unknown}


   Skills:
 + Level 8.7 Fighting
 - Level 1.7 Long Blades
 - Level 0.7 Throwing
 - Level 1.0 Armour
 - Level 2.1 Dodging
 + Level 7.0 Spellcasting
 + Level 7.0 Conjurations
 + Level 7.0 Hexes
 + Level 7.0 Summonings
 + Level 7.0 Necromancy
 + Level 7.0 Translocations
 + Level 7.0 Fire Magic
 + Level 7.0 Ice Magic
 + Level 7.0 Air Magic
 + Level 7.0 Earth Magic
 + Level 7.0 Alchemy


You knew the following spells:

 Your Spells              Type           Power      Damage    Failure   Level
a - Blink                 Tloc           76%        N/A       1%          2
b - Lesser Beckoning      Tloc           76%        N/A       1%          2
c - Teleport Other        Tloc           38%        N/A       1%          3
d - Manifold Assault      Tloc           38%        N/A       6%          4
e - Vhi's Electric Charg  Tloc/Air       76%        N/A       6%          4
f - Shock                 Conj/Air       100%       1d9       1%          1
g - Mercury Vapours       Alch/Air       76%        N/A       1%          2
h - Call Imp              Summ           76%        N/A       1%          2
i - Fulminant Prism       Conj/Alch      19%        3d11      6%          4
Your spell library was empty.

Dungeon Overview and Level Annotations

Branches:
Dungeon (7/15)             Temple (0/1) D:6           Sewer (visited)

Altars:
Gozag
Makhleb
Nemelex Xobeh
Trog
Uskayaw
Xom
The Shining One

Annotations:
D:4 1 runed translucent door, Obelisk's ghost, amateur DjCj


Innate Abilities, Weirdness & Mutations

You are immune to sickness and miasma.
You are immune to poison.
Your flesh is very heat resistant. (rF++)
You are vulnerable to cold. (rC-)
You float through the air rather than walking.
You learn spells naturally, not from books.
Your magical power is your life essence.
You have superior vitality. (+4 MHP)


Message History

There is an open door here.
There is an open door here.
u - 2 murky amethyst potions (gained 1)
You reach down and open the door.
There is an open door here.
There is an open door here.
You reach down and open the door. 2 wights come into view.
A wight is wielding a +2 great sword of freezing.
You reach down and close the door.
A wight opens the door.
You reach down and close the door.
A wight opens the door.
You reach down and close the door.
A wight opens the door.
You reach down and close the door.
A wight opens the door.
Casting: Shock (safe; 1% risk of failure)
Confirm with . or Enter, or press ? or * to list all spells.
You blink.
You feel ready to blink again.
The wight hits you with a +2 great sword of freezing!
The wight freezes you.
There is an open door here.
The wight attacks as it pursues you!
The wight hits you with a +2 great sword of freezing!!
The wight freezes you. The wight attacks as it pursues you!
The wight hits you with a +2 great sword of freezing!
The wight freezes you.
* * * LOW HITPOINT WARNING * * *
The wight attacks as it pursues you!
The wight hits you with a +2 great sword of freezing!
* * * LOW HITPOINT WARNING * * *
The wight freezes you.
* * * LOW HITPOINT WARNING * * *
Casting: Blink (safe; 1% risk of failure)
Confirm with . or Enter, or press ? or * to list all spells.
You blink.
* * * LOW HITPOINT WARNING * * *
Okay, then.
The wight attacks as it pursues you!
The wight hits you from afar with a +1 halberd!
You die...

#.......#....#...#.....#.
#.......#....#...#.....'.
#.......#....#...#.....#.
#.......#....#...#....Y#.
#.[.....#....+...#.....#.
#.......z.z..#...'....5#.
#.......###.#######...##.
###########.####.##...#..
#......@.zz..........#..
#....................+..
#....................#..
#....................#..
##########...###....##..
#....##.##...###...>#...
#...................#...
#...................#...
#...................#...


You could see 2 wights.

Vanquished Creatures
  Sigmund (D:5)
  A wyvern (D:7)
  Edmund (D:4)
  A water moccasin (D:7)
  An ice beast (D:6)
  2 ogres (D:4)
  3 bullfrogs
  2 scorpions
  3 bombardier beetles
  5 jellies
  2 hounds
  An orc priest (D:5)
  A gnoll bouda (D:6)
  A sleepcap (D:6)
  Natasha (thrice) (D:2)
  2 orc wizards (D:6)
  4 iguanas
  3 gnolls (D:6)
  9 adders
  An adder skeleton (D:2)
  2 adder zombies (D:2)
  2 dart slugs (D:1)
  3 ribbon worms
  10 orcs
  11 ball pythons
  6 bats
  13 endoplasms
  11 giant cockroaches
  7 goblins
  11 hobgoblins
  5 quokkas
  2 ball python zombies (D:2)
  5 frilled lizards
  8 kobolds
  A quokka skeleton (D:2)
  9 rats
153 creatures vanquished.

Vanquished Creatures (others)
  2 fulminant prisms
2 creatures vanquished.

Grand Total: 155 creatures vanquished

Notes
Turn   | Place    | Note
-------+----------+-------------------------------------------
     0 | D:1      | cforsyth the Djinni Warper began the quest for the Orb.
     0 | D:1      | cforsyth set off with the following spells memorised:
                  | Blink, Lesser Beckoning, Teleport Other, Manifold Assault,
                  | Vhi's Electric Charge.
     0 | D:1      | Reached XP level 1. HP: 18/18 MP: 0/0
   119 | D:1      | Reached XP level 2. HP: 15/23 MP: 0/0
   348 | D:1      | Reached XP level 3. HP: 27/29 MP: 0/0
   348 | D:1      | Learned a level 1 spell: Shock
   544 | D:1      | Reached skill level 3 in Fighting
   878 | D:2      | Reached XP level 4. HP: 31/35 MP: 0/0
  1120 | D:2      | Found a faded altar of an unknown god.
  1146 | D:2      | Reached XP level 5. HP: 34/41 MP: 0/0
  1146 | D:2      | Learned a level 2 spell: Mercury Vapours
  1377 | D:2      | Noticed Natasha
  1382 | D:2      | Killed Natasha
  1392 | D:2      | Noticed Natasha
  1399 | D:2      | Reached skill level 4 in Fighting
  1447 | D:2      | Identified the +9 dagger "Jiaxap" {pain, Int+2}
  1498 | D:3      | Found a sparkling altar of Nemelex Xobeh.
  2111 | D:3      | Found a glowing golden altar of the Shining One.
  2112 | D:3      | Found a shimmering altar of Xom.
  2341 | D:4      | Reached XP level 6. HP: 47/47 MP: 0/0
  2502 | D:4      | Noticed an ogre
  2508 | D:4      | Killed an ogre
  2586 | D:4      | Found a runed translucent door.
  2588 | D:4      | Noticed Obelisk's ghost (amateur DjCj)
  2737 | D:4      | Reached skill level 5 in Fighting
  2889 | D:4      | Reached XP level 7. HP: 52/54 MP: 0/0
  2889 | D:4      | Learned a level 2 spell: Call Imp
  3190 | D:4      | Noticed Edmund
  3215 | D:4      | HP: 2/54 [Edmund/+1 dire flail of holy wrath (6)]
  3216 | D:4      | Killed Edmund
  3217 | D:4      | Reached skill level 5 in Spellcasting
  3217 | D:4      | Reached skill level 5 in Conjurations
  3217 | D:4      | Reached skill level 5 in Hexes
  3217 | D:4      | Reached skill level 5 in Summonings
  3217 | D:4      | Reached skill level 5 in Necromancy
  3217 | D:4      | Reached skill level 5 in Translocations
  3217 | D:4      | Reached skill level 5 in Fire Magic
  3217 | D:4      | Reached skill level 5 in Ice Magic
  3217 | D:4      | Reached skill level 5 in Air Magic
  3217 | D:4      | Reached skill level 5 in Earth Magic
  3217 | D:4      | Reached skill level 5 in Alchemy
  3556 | D:5      | Entered Level 5 of the Dungeon
  3771 | D:2      | Killed Natasha
  3772 | D:2      | Reached skill level 6 in Fighting
  3817 | D:2      | Found a faded altar of an unknown god.
  3845 | D:2      | Noticed Natasha
  3850 | D:2      | Killed Natasha
  4351 | D:5      | Noticed Sigmund
  4489 | D:5      | Killed Sigmund
  4490 | D:5      | Reached XP level 8. HP: 38/62 MP: 0/0
  5101 | D:5      | Reached skill level 7 in Fighting
  5198 | D:5      | Found a burning altar of Makhleb.
  5203 | D:5      | Found a hide-covered altar of Uskayaw.
  5211 | D:5      | Found a bloodstained altar of Trog.
  5435 | D:6      | Found a glowing drain.
  5454 | Sewer    | Entered a sewer
  5680 | Sewer    | Found a viscous altar of Jiyva.
  5942 | D:6      | Reached XP level 9. HP: 51/70 MP: 0/0
  5942 | D:6      | Learned a level 4 spell: Fulminant Prism
  5955 | D:6      | Reached skill level 8 in Fighting
  6193 | D:6      | Found the +18 Lear's hauberk
  6229 | D:6      | Found an opulent altar of Gozag.
  6310 | D:6      | Found a staircase to the Ecumenical Temple.
  6660 | D:6      | Upgraded the game from 0.32-a0-43-g058985b245 to
                  | 0.32-a0-86-g8db1b9f803
  7517 | D:7      | Found Ostixko's General Store.
  7676 | D:7      | Slain by a wight

Illustrated notes

Levels and vault maps discovered:
D:1:      dpeg_arrival_erosion, layout_rooms, minmay_misc_feat_room
D:2:      layout_rooms, ebering_ecumenical_altar_mist, dilly_guarded_unrand_morg
D:3:      layout_basic, lemuel_tele_altar, gammafunk_temple_overflow_pools,
          serial_curves, eino_curves_01, eino_curves_04, eino_curves_04,
          eino_curves_04
D:4:      layout_gridville, ebering_ghost_inner_flame, uniq_edmund
D:5:      layout_loops_ring, minitemple, uniq_sigmund
D:6:      layout_basic, grunt_gozag_statues, minmay_temple_entry_tees,
          cheibrodos_sewer_entry_bend
D:7:      layout_gridville, nicolae_stop_n_shop_2

Skill      XL: |  1  2  3  4  5  6  7  8  9 |
---------------+----------------------------+-----
Spellcasting   | 3 4 5 6 7 |  7.0
Conjurations   | 3 4 5 6 7 |  7.0
Hexes          | 3 4 5 6 7 |  7.0
Summonings     | 3 4 5 6 7 |  7.0
Necromancy     | 3 4 5 6 7 |  7.0
Translocations | 3 4 5 6 7 |  7.0
Fire Magic     | 3 4 5 6 7 |  7.0
Ice Magic      | 3 4 5 6 7 |  7.0
Air Magic      | 3 4 5 6 7 |  7.0
Earth Magic    | 3 4 5 6 7 |  7.0
Alchemy        | 3 4 5 6 7 |  7.0
Fighting       | 3 4 5 6 7 8 |  8.7
Long Blades    | |  1.7
Throwing       | |  0.7
Armour         | |  1.0
Dodging        | |  2.1

Action                     |  1- 3 |  4- 6 |  7- 9 || total
---------------------------+-------+-------+-------++-------
  Melee: Falchion          |    74 |       |       ||    74
         Dagger            |       |    54 |    16 ||    70
  Throw: Dart              |     3 |       |       ||     3
   Cast: Shock             |    36 |    67 |   184 ||   287
         Mercury Vapours   |       |       |    12 ||    12
         Call Imp          |       |       |     8 ||     8
         Blink             |       |       |     2 ||     2
         Fulminant Prism   |       |       |     2 ||     2
    Use: Scroll            |       |       |     8 ||     8
         Potion            |       |       |     1 ||     1
 Armour: Leather armour    |    71 |    33 |    55 ||   159
  Dodge: Dodged            |    69 |    27 |    30 ||   126

Table legend: (Time is in decaauts)
 A = Elapsed time spent in this place.
 B = Non-inter-level travel time spent in this place.
 C = Inter-level travel time spent in this place.
 D = Time resting spent in this place.
 E = Time spent auto-exploring this place.
 F = Levels seen in this place.
 G = Mean time per level.
                   A        B        C        D        E       F      G
               +--------+--------+--------+--------+--------+-----+--------+
         Total |   7693 |   7230 |    463 |    317 |   5850 |   8 |  961.6 |
       Dungeon |   7372 |   6909 |    463 |    317 |   5608 |   7 | 1053.1 |
         Sewer |    320 |    320 |      0 |      0 |    242 |   1 |  320.0 |
               +--------+--------+--------+--------+--------+-----+--------+

Top non-repeatable levels by time:
     D:4: 1634 daAuts
     D:6: 1313 daAuts
     D:2: 1163 daAuts
     D:5: 907 daAuts
     D:1: 866 daAuts
     D:3: 766 daAuts
     D:7: 720 daAuts
   Sewer: 320 daAuts
